 Dungeon Crawl Stone Soup version 0.17.0-28-g6e173f8 (webtiles) character file.

1008 rutigerpupkin the Cudgeler (level 8, -6/52 HPs)
             Began as a Gargoyle Fighter on Nov 26, 2015.
             Was a Believer of Okawaru.
             Mangled by an ogre
             ... wielding a +0 giant club
              (11 damage)
             ... on level 5 of the Dungeon.
             The game lasted 00:06:50 (3587 turns).

rutigerpupkin the Cudgeler (Gargoyle Fighter)       Turns: 3587, Time: 00:06:50

Health: -6/52      AC: 12    Str: 23    XL:     8   Next: 20%
Magic:  8/8        EV:  7    Int:  8    God:    Okawaru [**....]
Gold:   320        SH:  9    Dex:  9    Spells: 0 memorised, 7 levels left

rFire  . . .     SeeInvis .     D - +1 flail (holy)
rCold  . . .     Clarity  .     b - +0 scale mail
rNeg   + + .     SustAt   .     c - +0 shield
rPois  ∞         Gourm    .     (no helmet)
rElec  +         Spirit   .     (no cloak)
rCorr  .         Warding  +     (no gloves)
rMut   .         Stasis   .     (no boots)
MR     .....                    j - amulet of warding
Stlth  ..........               (no ring)
                                (no ring)

@: not resistant to hostile enchantments, extremely unstealthy
A: negative energy resistance 1, electricity resistance, unbreathing,
petrification resistance, rot immunity, AC +5
a: Heroism, Renounce Religion


You were on level 5 of the Dungeon.
You worshipped Okawaru.
Okawaru was pleased with you.
You were not hungry.

You visited 1 branch of the dungeon, and saw 5 of its levels.

You collected 320 gold pieces.

Inventory:

Hand Weapons
 x - a +0 blowgun
 D - a +1 flail of holy wrath (weapon)
Missiles
 h - 3 javelins (quivered)
 y - 38 poisoned needles
Armour
 b - a +0 scale mail (worn)
 c - a +0 shield (worn)
 G - a +1 leather armour of poison resistance
Jewellery
 j - an amulet of warding (around neck)
Wands
 f - a wand of confusion (22)
 z - a wand of frost (30)
 F - a wand of frost (31)
Scrolls
 i - 4 scrolls of remove curse {unknown}
 k - 2 scrolls of magic mapping {unknown}
 q - a scroll of noise {unknown}
 r - 4 scrolls of identify {unknown}
 s - a scroll of fear {unknown}
 t - a scroll of amnesia {unknown}
 w - 3 scrolls of teleportation {unknown}
 C - a scroll of recharging {unknown}
 J - a scroll of enchant armour {unknown}
Potions
 a - a potion of agility {unknown}
 d - 3 potions of might
 g - 3 potions of mutation {unknown}
 l - 2 potions of lignification {unknown}
 o - 6 potions of curing {unknown}
 u - 2 potions of resistance {unknown}
 v - a potion of brilliance {unknown}
 A - 2 potions of poison {unknown}
 H - 2 potions of cure mutation {unknown}
 I - a potion of berserk rage {unknown}
Books
 E - the Compendium of the Birds
   (You found it on level 4 of the Dungeon)

   Spells                             Type                      Level
   a - Shock                          Conjuration/Air              1
   b - Repel Missiles                 Charms/Air                   2
   c - Swiftness                      Charms/Air                   2
   d - Mephitic Cloud                 Conjuration/Poison/Air       3
Comestibles
 e - 5 bread rations
 m - 2 slices of pizza
 n - 2 meat rations
 p - 4 beef jerkies
 B - a royal jelly
 K - 6 chunks of flesh
 L - 3 fruits


   Skills:
 + Level 6.8 Fighting
 * Level 7.8 Maces & Flails
 - Level 3.2 Armour
 - Level 3.2 Shields


You had 7 spell levels left.
You didn't know any spells.

Dungeon Overview and Level Annotations

Branches:
Dungeon (5/15)
 Temple: D:4-7

Altars:
Ashenzari
Makhleb
Okawaru
Xom
Zin


Innate Abilities, Weirdness & Mutations

You are resistant to torment.
Your stone body is resilient (AC +5).
You are immune to poison.
You resist negative energy.
You are resistant to electric shocks.
You can survive without breathing.
You are immune to petrification.
You are immune to rotting.


Message History

You sock the ogre!
The ogre is heavily wounded.
You block the ogre's attack.
You sock the ogre!
The ogre is almost dead.
The ogre hits you with a giant club!!
* * * LOW HITPOINT WARNING * * *
You are too injured to fight recklessly!
You are too injured to fight recklessly!
You are too injured to fight recklessly!
Evoke which item? (* to show all) (? for menu, Esc to quit)
Zapping:
f - a wand of confusion {zapped: 3} (will waste charges)
Press: ? - help, Shift-Dir - straight line, f - ogre
Aim: an ogre, wielding a giant club (almost dead, chance to defeat MR: 46%)
The ogre resists with some effort.
Evoking this partially-identified wand wasted a few charges.
You hit the ogre.
The ogre is almost dead.
The ogre hits you with a giant club!
You die...

#..##.##.........#.
######..##.##.........#.
#.......##.##.........'.
#$......##.##.........##
#........#.########'###
##............# #.#
..........#.#.# #.#
.......O..#.#'######.#
...(....@..........#.#
...................#.#
##.................#.#
######............#.#
#............#.#
#....>.......#.#
#.....#'######.#
#.....#.# #.#
#.....#.######.#


You could see an ogre.

Vanquished Creatures
  Eustachio (D:4)
  Edmund (D:4)
  A sky beast (D:5)
  An ice beast (D:5)
  A centaur (D:5)
  An ogre (D:4)
  2 scorpions
  A crimson imp (D:5)
  An orc priest (D:4)
  A giant frog zombie (D:5)
  A jelly (D:5)
  A worker ant (D:5)
  A killer bee zombie (D:5)
  4 adders
  An ooze (D:1)
  4 worms
  2 giant geckos
  8 orcs
  3 giant cockroaches
  5 goblins
  9 hobgoblins
  13 jackals
  3 kobolds
  4 quokkas
  2 ball pythons
  6 bats
  A giant cockroach zombie (D:5)
  2 giant newts
  5 rats
86 creatures vanquished.

Notes
Turn   | Place    | Note
--------------------------------------------------------------
     0 | D:1      | rutigerpupkin the Gargoyle Fighter began the quest for the Orb.
     0 | D:1      | Reached XP level 1. HP: 14/14 MP: 1/1
    19 | D:1      | Found a shattered altar of Ashenzari.
   270 | D:1      | Reached XP level 2. HP: 16/19 MP: 2/2
   676 | D:1      | Reached XP level 3. HP: 22/24 MP: 3/3
  1067 | D:2      | Found a glowing silver altar of Zin.
  1082 | D:2      | Found a burning altar of Makhleb.
  1085 | D:2      | Noticed an angel
  1087 | D:2      | Noticed a blizzard demon
  1324 | D:2      | Reached skill level 4 in Fighting
  1597 | D:2      | Reached XP level 4. HP: 29/29 MP: 4/4
  2121 | D:3      | Found an iron altar of Okawaru.
  2129 | D:3      | Became a worshipper of Warmaster Okawaru
  2622 | D:4      | Noticed Edmund
  2636 | D:4      | Killed Edmund
  2636 | D:4      | Reached skill level 5 in Fighting
  2636 | D:4      | Reached skill level 5 in Maces & Flails
  2636 | D:4      | Reached XP level 5. HP: 28/35 MP: 5/5
  2636 | D:4      | Reached XP level 6. HP: 32/40 MP: 6/6
  2945 | D:4      | Identified the Compendium of the Birds
  2994 | D:4      | Noticed Eustachio
  3008 | D:4      | Killed Eustachio
  3008 | D:4      | Reached * piety under Okawaru
  3008 | D:4      | Reached skill level 6 in Maces & Flails
  3008 | D:4      | Reached XP level 7. HP: 39/44 MP: 7/7
  3071 | D:4      | Noticed an ogre
  3077 | D:4      | Killed an ogre
  3218 | D:5      | Entered Level 5 of the Dungeon
  3238 | D:5      | Found a shimmering altar of Xom.
  3345 | D:5      | Reached ** piety under Okawaru
  3345 | D:5      | Reached skill level 7 in Maces & Flails
  3505 | D:5      | Reached XP level 8. HP: 46/52 MP: 8/8
  3587 | D:5      | Mangled by an ogre

Action                   |  1- 3 |  4- 6 |  7- 9 || total
-------------------------+-------+-------+-------++-------
Melee: Flail             |   145 |   120 |    89 ||   354
Evoke: Wand              |       |     1 |     1 ||     2
 Stab: Confused          |       |     1 |       ||     1
  Eat: Chunk             |     2 |     5 |     2 ||     9
